 Dungeon Crawl Stone Soup version 0.29-a0-297-g7659ce593d (webtiles) character file.

Game seed: 4416886922661300427

1880 kae the Arsonist (level 9, -3/53 HPs)
             Began as a Tengu Fire Elementalist on Mar 20, 2022.
             Was an Initiate of Vehumet.
             Killed from afar by an orc wizard (4 damage)
             ... with a magic dart
             ... on level 7 of the Dungeon.
             The game lasted 00:05:29 (9945 turns).

kae the Arsonist (Tengu Fire Elementalist)          Turns: 9945, Time: 00:05:30

Health: -3/53      AC:  6    Str:  9    XL:     9   Next: 14%
Magic:  16/26      EV: 14    Int: 20    God:    Vehumet [......]
Gold:   319        SH:  4    Dex: 14    Spells: 12/18 levels left

rFire   . . .      SeeInvis .   n - +9 club
rCold   . . .      Faith    .   B - +0 buckler
rNeg    . . .      Spirit   .   E - +0 steam dragon scales
rPois   +          Reflect  .   (helmet restricted)
rElec   .          Harm     .   v - +0 cloak {Stlth+}
rCorr   .          Rampage  .   (no gloves)
Will    .....                   (boots unavailable)
Stlth   +++.......              (no amulet)
HPRegen 0.17/turn               o - ring of magical power
MPRegen 0.20/turn               h - ring of poison resistance

@: flying quickly and evasively, quick
A: beak, talons 3, nimble flight
a: Renounce Religion


You were on level 7 of the Dungeon.
You worshipped Vehumet.
Vehumet was noncommittal.
You visited 2 branches of the dungeon, and saw 8 of its levels.

You collected 319 gold pieces.

Inventory:

Hand Weapons
 n - a +9 club (weapon)
Armour
 v - a +0 cloak of stealth (worn)
 B - a +0 buckler (worn)
 E - +0 steam dragon scales (worn)
Jewellery
 c - a ring of positive energy
 h - a ring of poison resistance (right hand)
 o - a ring of magical power (left hand)
 p - a ring of magical power
 s - a ring of willpower
 t - a ring of fire
 w - a ring of resist corrosion
Wands
 m - a wand of iceblast (11)
 r - a wand of polymorph (13)
 x - a wand of paralysis (10)
Scrolls
 d - 5 scrolls of teleportation
 f - 3 scrolls of vulnerability
 y - a scroll of fog
 A - a scroll of silence
 C - a scroll of fear
 D - a scroll of enchant weapon
Potions
 b - 2 potions of magic
 e - 5 potions of flight {unknown}
 g - a potion of cancellation
 i - 3 potions of attraction
 j - 2 potions of mutation {unknown}
 k - 2 potions of berserk rage {unknown}
 l - 2 potions of lignification
 q - a potion of degeneration
 u - 3 potions of haste {unknown}
 z - a potion of curing


   Skills:
 + Level 4.8 Fighting
 - Level 2.1 Dodging
 - Level 2.0 Stealth
 * Level 2.1 Shields
 + Level 5.0 Spellcasting
 + Level 6.6 Conjurations
 * Level 8.5 Fire Magic


You had 12 spell levels left.
You knew the following spells:

 Your Spells              Type           Power      Damage    Failure   Level
a - Foxfire               Conj/Fire      100%       2x1d9     1%          1
b - Scorch                Fire           78%        2d9       1%          2
c - Conjure Flame         Conj/Fire      35%        6-21      1%          3

Your spell library contained the following spells:

 Spells                   Type           Power      Damage    Failure   Level
 Flame Wave               Conj/Fire      35%        2d8       7%          4
 Inner Flame              Hex/Fire       22%        N/A       8%          3
 Cause Fear               Hex            2%         N/A       83%         4
 Dragon Form              Tmut           2%         N/A       100%        7
 Dragon's Call            Summ           2%         N/A       100%        9


Dungeon Overview and Level Annotations

Branches:
Dungeon (7/15)             Temple (1/1) D:7

Altars:
Ashenzari
Cheibriados
Elyvilon
Fedhas
Gozag
Hepliaklqana
Kikubaaqudgha
Makhleb
Nemelex Xobeh
Okawaru
Qazlal
Ru
Sif Muna
Trog
Vehumet
Xom
Yredelemnul
Zin
The Shining One

Shops:
D:1 (   D:6 *   D:7 *

Annotations:
D:3 Sigmund


Innate Abilities, Weirdness & Mutations

You have a beak for a mouth.
You have claws for feet.
Your magical nature lets you fly swiftly and evasively.


Message History

You hear some strange, mumbled words.
A puff of flame appears from out of thin air!
The puff of flame hits you!
Casting: Scorch (safe; 1% risk of failure)
Confirm with . or Enter, or press ? or * to list all spells.
Flames lash the orc priest.
The orc priest is burned terribly!
The orc priest is almost dead.
You block something's attack.
The orc priest calls down the wrath of Beogh upon you.
Beogh smites you! Something hits you but does no damage.
Casting: Scorch (safe; 1% risk of failure)
Confirm with . or Enter, or press ? or * to list all spells.
Flames lash the orc.
You kill the orc!
Vehumet accepts your kill.
You hear some strange, mumbled words.
A magic dart appears from out of thin air!
The magic dart hits you.
You hear some strange, mumbled words.
A puff of flame appears from out of thin air!
The puff of flame misses you.
Casting: Scorch (safe; 1% risk of failure)
Confirm with . or Enter, or press ? or * to list all spells.
Flames lash the orc.
You kill the orc!
Vehumet accepts your kill. Something hits you.
Something hits you but does no damage.
The orc priest calls down the wrath of Beogh upon you.
Beogh smites you!
* * * LOW HITPOINT WARNING * * *
Casting: Scorch (safe; 1% risk of failure)
Confirm with . or Enter, or press ? or * to list all spells.
Flames lash the orc priest.
The orc priest is burned terribly!
You kill the orc priest!
Vehumet accepts your kill.
You hear some strange, mumbled words.
A magic dart appears from out of thin air!
The magic dart hits you.
You die...

#### ## ..#### #.
#....# #. #..#.# #.
#..#.## #.
#.....####.
#.##..>....
#######.#..#.#.####
#.@{))..##.#...####
#.########.###.....
#.# #...###### #)#
######.# # #.#
##....#.######
#.####...#.#.......
#...##...#.#....###
###§##...#......#
#§.....###....#


There were no monsters in sight!

Vanquished Creatures
  A steam dragon (D:7)
  2 ice beasts
  A black bear (D:6)
  3 ogres
  A centaur (D:7)
  2 phantoms
  2 kobold brigands
  A bullfrog (D:7)
  A necrophage (D:5)
  A scorpion (D:6)
  3 hounds
  3 orc priests
  A jelly (D:6)
  Crazy Yiuf (D:6)
  3 iguanas
  Ijyb (D:3)
  5 orc wizards
  A gnoll (D:4)
  9 adders
  A white imp (D:6)
  An ufetubus (D:7)
  3 dart slugs
  28 orcs
  10 bats
  5 endoplasms
  4 giant cockroaches
  6 goblins
  8 hobgoblins
  5 jackals
  3 quokkas
  7 ball pythons
  6 frilled lizards
  16 kobolds
  2 rats (D:1)
147 creatures vanquished.

Vanquished Creatures (others)
  299 foxfires
299 creatures vanquished.

Grand Total: 446 creatures vanquished

Notes
Turn   | Place    | Note
-------+----------+-------------------------------------------
     0 | D:1      | kae the Tengu Fire Elementalist began the quest for the
                  | Orb.
     0 | D:1      | Reached XP level 1. HP: 10/10 MP: 4/4
   253 | D:1      | Found Nual Vov's Weapon Shoppe.
   257 | D:1      | Reached XP level 2. HP: 16/16 MP: 4/6
   566 | D:1      | Found a faded altar of an unknown god.
  1201 | D:1      | Reached XP level 3. HP: 20/20 MP: 4/7
  1342 | D:1      | Reached skill level 1 in Fighting
  1754 | D:2      | Reached skill level 4 in Fire Magic
  1759 | D:2      | Learned a level 2 spell: Scorch
  1763 | D:2      | Learned a level 3 spell: Conjure Flame
  2058 | D:2      | Reached XP level 4. HP: 25/25 MP: 3/8
  2945 | D:3      | Noticed Sigmund
  2988 | D:3      | Noticed an ice beast
  3045 | D:3      | Killed an ice beast
  3046 | D:3      | Gained mutation: Your magical nature lets you fly swiftly
                  | and evasively. [Tengu growth]
  3046 | D:3      | Reached XP level 5. HP: 11/30 MP: 0/10
  3557 | D:3      | Reached skill level 5 in Fire Magic
  3806 | D:3      | Noticed Ijyb
  3825 | D:3      | Killed Ijyb
  3826 | D:3      | Reached XP level 6. HP: 17/35 MP: 1/11
  5411 | D:4      | Reached XP level 7. HP: 36/40 MP: 8/13
  5901 | D:4      | Reached skill level 6 in Fire Magic
  6154 | D:4      | Found a bloodstained altar of Trog.
  6221 | D:5      | Entered Level 5 of the Dungeon
  7094 | D:5      | Reached skill level 5 in Conjurations
  7124 | D:5      | Reached XP level 8. HP: 24/48 MP: 14/15
  7453 | D:6      | Reached skill level 7 in Fire Magic
  7961 | D:6      | Found Echisme's Lightly-Used Armoury.
  8226 | D:6      | Found a runed translucent door.
  8227 | D:6      | Noticed Crazy Yiuf
  8452 | D:6      | Killed Crazy Yiuf
  8699 | D:7      | Reached skill level 8 in Fire Magic
  8972 | D:7      | Found a staircase to the Ecumenical Temple.
  8996 | D:7      | Found Nirchuig's Fire Supplies.
  9016 | Temple   | Entered the Ecumenical Temple
  9229 | Temple   | Became a worshipper of Vehumet
  9374 | D:7      | Reached skill level 1 in Shields
  9374 | D:7      | Reached XP level 9. HP: 31/52 MP: 17/17
  9612 | D:7      | Reached skill level 5 in Spellcasting
  9944 | D:7      | HP: 1/53 [orc priest/divine providence (16)]
  9945 | D:7      | Killed from afar by an orc wizard

Illustrated notes

Levels and vault maps discovered:
D:1:      dpeg_arrival_connections, layout_loops_ring,
          hellmonk_ecumenical_altar_inner_sanctum, serial_shops,
          nicolae_shop_bloodbath_and_beyond
D:2:      minmay_chambers_of_ones, layout_basic,
          nicolae_concentric_dashed_squares_wild, minmay_goblin_kobold_house
D:3:      layout_loops_corners, dk_vineyard_3, amcnicky_mini_corridor_feature,
          chequers_serial_rivers_micro_d, uniq_sigmund, uniq_ijyb
D:4:      layout_loops_cross, kennysheep_little_box, minmay_fractal_squares_5
D:5:      layout_cave_pods
D:6:      layout_cave_pools, minivault_26, minmay_shop_damaged,
          serial_bayou_pond_d, uniq_crazy_yiuf_cottage
D:7:      layout_basic, minmay_temple_entry_wispy, nicolae_shop_fire_sale
          [nicolae_sub_dead_trees], minmay_tree_intersection
Temple:   dpeg_five_rooms_temple

Skill      XL: |  1  2  3  4  5  6  7  8  9 |
---------------+----------------------------+-----
Conjurations   | 2 3 4 5 6 |  6.6
Fighting       | 1 2 3 4 |  4.8
Fire Magic     | 4 5 6 8 |  8.5
Spellcasting   | 3 4 5 |  5.0
Shields        | 1 2 |  2.1
Dodging        | |  2.1
Stealth        | |  2.0

Action                   |  1- 3 |  4- 6 |  7- 9 || total
-------------------------+-------+-------+-------++-------
Melee: Unarmed           |    17 |    15 |       ||    32
       Peck              |     4 |     3 |       ||     7
       Kick              |     1 |     6 |       ||     7
       Club              |       |       |     7 ||     7
 Cast: Foxfire           |    64 |    57 |    58 ||   179
       Scorch            |     3 |    45 |    58 ||   106
       Conjure Flame     |       |     2 |     1 ||     3
  Use: Scroll            |     5 |     4 |     5 ||    14
 Stab: Sleeping          |       |       |     1 ||     1
Armor: Robe              |    16 |     8 |     4 ||    28
       Steam dragon scal |       |       |     3 ||     3
Dodge: Dodged            |    47 |    42 |    36 ||   125
Block: Buckler           |       |       |     5 ||     5

Table legend: (Time is in decaauts)
 A = Elapsed time spent in this place.
 B = Non-inter-level travel time spent in this place.
 C = Inter-level travel time spent in this place.
 D = Time resting spent in this place.
 E = Time spent auto-exploring this place.
 F = Levels seen in this place.
 G = Mean time per level.
                   A        B        C        D        E       F      G
               +--------+--------+--------+--------+--------+-----+--------+
         Total |   9607 |   9393 |    214 |   1540 |   6698 |   8 | 1200.9 |
       Dungeon |   9369 |   9200 |    169 |   1540 |   6516 |   7 | 1338.4 |
        Temple |    237 |    193 |     44 |      0 |    181 |   1 |  237.0 |
               +--------+--------+--------+--------+--------+-----+--------+

Top non-repeatable levels by time:
     D:3: 2186 daAuts
     D:1: 1527 daAuts
     D:4: 1215 daAuts
     D:6: 1189 daAuts
     D:2: 1156 daAuts
     D:5: 1132 daAuts
     D:7: 962 daAuts
  Temple: 237 daAuts
